 Dungeon Crawl Stone Soup version 0.30.0-3-ga4e48a9924 (webtiles) character file.

Game seed: 16783774382797746222

4715 hawla the Thaumaturge (level 11, -15/80 HPs)
             Began as a Meteoran Fire Elementalist on May 5, 2023.
             Was an Initiate of Vehumet.
             Demolished by a two-headed ogre
             ... wielding a +0 giant club
              (22 damage)
             ... on level 11 of the Dungeon on May 7, 2023.
             The game lasted 00:20:15 (3707 turns).

hawla the Thaumaturge (Meteoran Fire Elementalist)  Turns: 3707, Time: 00:20:16

Health: -15/80     AC:  4    Str: 16    XL:     11   Next: 3%
Magic:  14/24      EV: 13    Int: 21    God:    Vehumet [......]
Gold:   1263       SH:  0    Dex: 15    Spells: 15/27 levels left

rFire   . . .        v - +8 short sword "Puulam" {venom, +Blink rN+}
rCold   + . .        (no shield)
rNeg    + . .        a - +1 robe
rPois   .            (no helmet)
rElec   .            q - scarf {repulsion}
rCorr   .            r - +0 pair of gloves
SInv    .            (no boots)
Will    +....        (no amulet)
Stlth   +            c - +6 ring of strength
HPRegen 0.33/turn    s - ring "Ubromuuph" {rC+ Stlth+}
MPRegen 0.19/turn

%: repel missiles
@: glowing
A: sense surroundings 2, otherworldly, glowing, explore regen
a: Renounce Religion, Evoke Blink


You were on level 11 of the Dungeon.
You worshipped Vehumet.
Vehumet was noncommittal.
You visited 2 branches of the dungeon, and saw 10 of its levels.

You collected 1263 gold pieces.

Inventory:

Hand Weapons
 v - the +8 short sword "Puulam" (weapon) {venom, +Blink rN+}
   (You found it on level 8 of the Dungeon)

   rN:        It protects you from negative energy.
   +Blink:    It lets you blink.
Armour
 a - a +1 robe (worn)
 q - a scarf of repulsion (worn)
 r - a +0 pair of gloves (worn)
Magical Staves
 b - a staff of death
Jewellery
 c - a +6 ring of strength (left hand)
 s - the ring "Ubromuuph" (right hand) {rC+ Stlth+}
   (You found it on level 7 of the Dungeon)

   [ring of protection from cold]

   rC:        It protects you from cold.
   Stlth:     It makes you more stealthy.
 t - a ring of positive energy
Wands
 e - a wand of digging (9)
 j - a wand of roots (7) (quivered)
 w - a wand of mindburst (4)
Scrolls
 f - a scroll of magic mapping
 g - 2 scrolls of identify
 i - a scroll of amnesia
 o - a scroll of poison {unknown}
Potions
 d - a potion of invisibility {unknown}
 h - a potion of resistance
 k - a potion of cancellation {unknown}
 l - a potion of heal wounds {unknown}
 m - a potion of brilliance {unknown}
 n - a potion of might {unknown}
 p - a potion of flight {unknown}
 u - a potion of mutation {unknown}
Miscellaneous
 x - a condenser vane


   Skills:
 - Level 2.3 Fighting
 + Level 3.1 Short Blades
 + Level 3.6 Staves
 - Level 3.7 Dodging
 - Level 1.4 Stealth
 - Level 8.8 Spellcasting
 - Level 6.8 Conjurations
 - Level 7.2 Necromancy
 - Level 7.8 Fire Magic
 - Level 5.9 Earth Magic
 - Level 3.0 Evocations


You had 15 spell levels left.
You knew the following spells:

 Your Spells              Type           Power      Damage    Failure   Level
a - Foxfire               Conj/Fire      100%       2x1d9     1%          1
b - Scorch                Fire           84%        2d9       1%          2
c - Flame Wave            Conj/Fire      40%        2d11      3%          4
d - Borgnjor's Vile Clut  Necr/Erth      18%        N/A       14%         5

Your spell library contained the following spells:

 Spells                   Type           Power      Damage    Failure   Level
 Inner Flame              Hex/Fire       25%        N/A       4%          3
 Volatile Blastmotes      Fire/Tloc      50%        2d14      4%          3
 Summon Guardian Golem    Hex/Summ       9%         N/A       22%         3
 Irradiate                Conj/Tmut      11%        3d15      45%         5
 Death Channel            Necr           19%        N/A       50%         6
 Blade Hands              Tmut           4%         N/A       90%         5
 Orb of Destruction       Conj           19%        9d8       98%         7
 Dragon Form              Tmut           4%         N/A       100%        7
 Spellforged Servitor     Conj/Summ      11%        N/A       100%        7
 Storm Form               Tmut/Air       4%         N/A       100%        7
 Infestation              Necr           19%        N/A       100%        8
 Death's Door             Necr           19%        N/A       100%        9


Dungeon Overview and Level Annotations

Branches:
Dungeon (11/15) Zot: 1780  Temple (1/1) D:7 Zot: 498
   Lair: D:8-11         Orc: D:9-12

Altars:
Ashenzari
Elyvilon
Gozag
Hepliaklqana
Okawaru
Ru
Vehumet
Zin


Innate Abilities, Weirdness & Mutations

You passively map the area around you.
You are easily found by Zot.
You glow in the dark.
You regain HP and MP as you explore.


Message History

The yak's fire resistance burns away.
The foxfire hits the two-headed ogre but does no damage.
The foxfire hits the yak.
The yak is severely wounded.
The yak gores you!
A yak comes into view. x2
Casting: Scorch (safe; 1% risk of failure)
Confirm with . or Enter, or press ? or * to list all spells.
Casting: Flame Wave (dangerous; 3% risk of failure)
Press: ? - help, Dir - look around, f - activate A wave of flame ripples out!
The flame wave engulfs the two-headed ogre!
The two-headed ogre is moderately wounded.
The flame wave engulfs the yak.
The yak is burned terribly!
The yak is severely wounded. (Press . to intensify the flame waves.)
The two-headed ogre hits you with a +0 giant club!!
The two-headed ogre hits you with a +0 dire flail!
The yak gores you!
* * * LOW HITPOINT WARNING * * *
Unknown command.
A wave of flame ripples out!
The flame wave engulfs the two-headed ogre.
The two-headed ogre is moderately wounded.
The flame wave engulfs the yak!!
The yak is burned terribly!
You kill the yak!
Vehumet accepts your kill.
The flame wave engulfs the yak!
The yak is moderately wounded.
Your Short Blades skill increases to level 3!
A wave of flame ripples out!
The flame wave engulfs the two-headed ogre.
The two-headed ogre is heavily wounded.
The flame wave engulfs the yak.
The yak is heavily wounded.
You finish channelling waves of flame.
The two-headed ogre hits you with a +0 giant club!
* * * LOW HITPOINT WARNING * * *
The two-headed ogre hits you with a +0 dire flail!!
You die...

,, * *** ####..... , , ,,,
, .......... * ,,, ,
....###### * * * ** ##..#
# , * ** ######..###### ,
. , ,, ............. ,,
..., , .............
..Y..#######..########## ,
,,..Y..}Y@................
,,......O.................
,
,...########.########....
*# #.# #.### *, * #.# #.#
* *, * #.# #.### * *
.########.########.... , ,
...................... ,
########..########....


You could see a two-headed ogre and 3 yaks.

Vanquished Creatures
  A kobold demonologist (D:5)
  Prince Ribbit (D:5)
  A shadow (D:11)
  A wyvern (D:8)
  4 yaks (D:11)
  2 wraiths
  Eustachio (D:5)
  Menkaure (D:7)
  2 steam dragons
  A water moccasin (D:5)
  A black bear (D:7)
  4 ice beasts
  An ogre (D:6)
  2 centaurs (D:5)
  2 kobold brigands (D:7)
  2 bullfrogs
  5 scorpions
  3 wights (D:8)
  2 howler monkeys
  2 hounds (D:4)
  4 jellies
  7 orc priests
  3 sleepcaps
  5 iguanas
  6 orc wizards
  11 adders
  3 gnolls (D:6)
  A shadow imp (D:6)
  A white imp (D:6)
  A dart slug (D:3)
  3 worms
  19 orcs
  4 bats
  10 endoplasms
  2 goblins
  7 hobgoblins
  5 jackals
  17 kobolds
  4 quokkas
  6 ball pythons
  7 frilled lizards
  3 rats
168 creatures vanquished.

Vanquished Creatures (others)
  386 foxfires
  9 plants
395 creatures vanquished.

Grand Total: 563 creatures vanquished

Notes
Turn   | Place    | Note
-------+----------+-------------------------------------------
     0 | D:1      | hawla the Meteoran Fire Elementalist began the quest for
                  | the Orb.
     0 | D:1      | Reached XP level 1. HP: 14/14 MP: 5/5
   114 | D:1      | Reached XP level 2. HP: 14/20 MP: 2/6
   151 | D:1      | Reached skill level 3 in Spellcasting
   249 | D:1      | Learned a level 2 spell: Scorch
   279 | D:2      | Reached XP level 3. HP: 26/26 MP: 3/8
   345 | D:2      | Reached XP level 4. HP: 33/33 MP: 2/10
   434 | D:2      | Reached skill level 4 in Spellcasting
   446 | D:2      | Learned a level 4 spell: Flame Wave
   567 | D:3      | Reached XP level 5. HP: 39/39 MP: 10/12
   577 | D:3      | Found a broken altar of Ashenzari.
   751 | D:4      | Reached XP level 6. HP: 41/46 MP: 1/13
   873 | D:4      | Reached skill level 5 in Conjurations
   883 | D:4      | Reached skill level 5 in Fire Magic
   883 | D:4      | Reached XP level 7. HP: 50/51 MP: 10/15
   968 | D:4      | Reached skill level 1 in Fighting
   968 | D:4      | Reached skill level 5 in Spellcasting
  1068 | D:4      | Got Bagueti's Spellbook of Smouldering Profane Rites
  1616 | D:5      | Entered Level 5 of the Dungeon
  1626 | D:5      | Noticed Eustachio
  1644 | D:5      | Killed Eustachio
  1654 | D:5      | Identified a scroll of acquirement
  1654 | D:5      | Acquired 782 gold pieces
  1782 | D:5      | Noticed Prince Ribbit
  1789 | D:5      | Killed Prince Ribbit
  1790 | D:5      | Reached skill level 6 in Spellcasting
  1790 | D:5      | Reached XP level 8. HP: 13/59 MP: 9/18
  1898 | D:5      | Noticed a steam dragon
  1908 | D:5      | Killed a steam dragon
  2036 | D:5      | Reached skill level 7 in Spellcasting
  2044 | D:5      | Gained mutation: You passively map the area around you.
                  | [Meteoran growth]
  2044 | D:5      | Reached XP level 9. HP: 53/67 MP: 9/20
  2048 | D:5      | Noticed a kobold demonologist
  2066 | D:5      | Noticed a smoke demon
  2070 | D:5      | Killed a kobold demonologist
  2071 | D:5      | Reached skill level 8 in Spellcasting
  2088 | D:5      | Acquired Dociweurph's Book of the Loathsome Figure
  2096 | D:5      | Learned a level 5 spell: Borgnjor's Vile Clutch
  2157 | D:5      | Reached skill level 1 in Necromancy
  2157 | D:5      | Reached skill level 1 in Earth Magic
  2157 | D:5      | Reached skill level 1 in Evocations
  2342 | D:6      | Found an opulent altar of Gozag.
  2446 | D:6      | Found a hazy altar of Hepliaklqana.
  2673 | D:6      | Reached XP level 10. HP: 67/73 MP: 0/23
  2840 | D:7      | Noticed Menkaure
  2848 | D:7      | Killed Menkaure
  2865 | D:7      | Identified the ring "Ubromuuph" {rC+ Stlth+}
  2894 | D:7      | Reached skill level 5 in Necromancy
  2915 | D:7      | Reached skill level 5 in Earth Magic
  3111 | D:7      | Found a staircase to the Ecumenical Temple.
  3136 | Temple   | Entered the Ecumenical Temple
  3217 | Temple   | Became a worshipper of Vehumet
  3399 | D:8      | Identified the +8 short sword "Puulam" {venom, +Blink rN+}
  3415 | D:8      | You fall into a shaft and drop 3 floors!
  3416 | D:11     | Upgraded the game from 0.30.0 to 0.30.0-3-ga4e48a9924
  3486 | D:11     | Reached skill level 1 in Short Blades
  3486 | D:11     | Reached skill level 1 in Staves
  3566 | D:11     | Reached XP level 11. HP: 69/80 MP: 8/24
  3700 | D:11     | Noticed a two-headed ogre
  3707 | D:11     | Demolished by a two-headed ogre

Illustrated notes

Levels and vault maps discovered:
D:1:      dpeg_arrival_radiant, layout_basic, serial_shops,
          nicolae_shop_advertising_works [nicolae_subvault_shop_adworks],
          minmay_rat_gold_closets
D:2:      layout_rooms, minmay_gold_behind_fungi, hex_intersection
D:3:      layout_basic, grunt_ashenzari_visionary
          [grunt_ashenzari_visionary_shoals, grunt_ashenzari_visionary_spider],
          serial_bayou, serial_bayou_pond_a, serial_bayou_lagoon_b,
          serial_bayou_crossing, serial_bayou_pond_e
D:4:      layout_cave_pods, minmay_box_of_dots
D:5:      minmay_octagon_keep, layout_loops_ring, solitary_fountain,
          minivault_23, chequers_serial_rivers_micro_b, uniq_prince_ribbit1,
          uniq_eustachio
D:6:      layout_basic, grunt_gozag_breadcrumbs, lemuel_tele_altar
D:7:      layout_basic, minmay_temple_entry_gardened_gates, grunt_ministairs_3,
          david_defended_altar_orc, uniq_menkaure
D:8:      minmay_skewed_foursquare, layout_loops_ring, amcnicky_altar_gilded,
          minmay_shop_enchanted_jewellery, lightli_corner_chamber
D:11:     layout_long_grid
Temple:   nicolae_temple_figure_eight

Skill      XL: |  1  2  3  4  5  6  7  8  9 10 11 |
---------------+----------------------------------+-----
Spellcasting   | 3 4 6 7 8 |  8.8
Fire Magic     | 4 5 6 7 |  7.8
Conjurations   | 2 4 5 6 |  6.8
Dodging        | 3 |  3.7
Fighting       | 1 2 |  2.3
Necromancy     | 3 7 |  7.2
Earth Magic    | 3 5 |  5.9
Evocations     | 3 |  3.0
Short Blades   | 2 3 |  3.1
Staves         | 3 |  3.6
Stealth        | |  1.4

Action                     |  1- 3 |  4- 6 |  7- 9 | 10-12 || total
---------------------------+-------+-------+-------+-------++-------
  Melee: Unarmed           |     9 |    12 |    28 |       ||    49
         Staff             |       |       |     7 |     8 ||    15
         Punch             |       |       |     2 |       ||     2
   Cast: Foxfire           |    31 |    54 |    83 |    58 ||   226
         Scorch            |     3 |    10 |    28 |    27 ||    68
         Flame Wave        |       |     2 |     9 |     9 ||    20
         Borgnjor's Vile C |       |       |       |     2 ||     2
    Use: Potion            |       |     1 |     4 |       ||     5
         Scroll            |       |       |    13 |     1 ||    14
 Armour: Robe              |    10 |     5 |    12 |     6 ||    33
         Skin              |       |       |    10 |       ||    10
  Dodge: Dodged            |    13 |    23 |    40 |    18 ||    94
         Repelled          |       |       |     1 |       ||     1
